AoeStats
← kV0t3

Arabia

509484347Analyzed
1v1 RM · 4d ago on Sep 26, 2026· 19m 26s· 2 players
Game mode
Random Map
Map size
Tiny (2 player)
Population
200
Speed
Normal
Resources
Standard
Victory
Conquest
Starting age
Dark Age
Ending age
Imperial Age
RankedLock teamsTeams togetherTeam positionsShared explorationLock speedFull tech treeHidden civsTurbo modeCheats
Victory
Defeat
🇲🇽 Bulgarians · Mexico
1278
+16
🇦🇷 Turks · Argentina
1286
-16
Cobos SANTOS (Cabo)
6:08 Loom
10:09 Feudal Age
10:41 Double-Bit Axe
12:47 Arson
18:41 Forging
20:24 Wheelbarrow
kV0t3
0:25 Loom
9:57 Feudal Age
10:00 Man-at-Arms
13:52 Double-Bit Axe
19:43 Wheelbarrow
Connection lost

Rejoining the realm…

Still unreachable

The connection could not be restored.

Session expired

The server has moved on; the page needs a fresh start.